Map: Acropolis LE

Players

PtitDrogo

  • Race: Protoss Protoss
  • League: Master
  • Spawn Location: 11:00

GOStephano (Stephano) - Winner!

  • Race: Zerg Zerg
  • League: Grandmaster
  • Spawn Location: 5:00

Event: HomeStory Cup XIX

VOD

Have the link to the VOD?

Description

Time

  • Played on: June 28, 2019, 2:23 p.m.
  • Length: 8:29

All games in this series

Show
View Real Time Build Order
Export as new Build Order

PtitDrogo Protoss 

Build Orders: 1 Gate Expand, Zealot Archon, Archon Drop, Dark Templar Rush 

Get SALT Encoding   

  12  0:00  Probe  
  13  0:12  Probe  
  14  0:20  Pylon  
  14  0:25  Probe  
  15  0:29  Assimilator  
  15  0:36  Probe  
  16  0:44  Probe  
  16  0:46  Gateway  
  17  0:53  Probe  
  18  1:05  Probe  
  19  1:17  Probe  
  20  1:24  Nexus  
  20  1:33  Cybernetics Core  
  20  1:36  Probe  
  21  1:40  Assimilator  
  21  1:48  Probe  
  21  1:52  Pylon  
  22  2:00  Stalker, Probe  
  23  2:13  Probe  
  26  2:17  Stargate  
  26  2:25  Probe  
  26  2:26  Warp Gate  
  27  2:32  Probe, Adept  
  27  2:33  Probe  
  31  2:40  Probe  
  31  2:41  Probe  
  31  2:50  Probe  
  33  2:51  Probe  
  33  2:53  Robotics Facility  
  33  2:56  Twilight Council  
  35  3:02  Probe  
  35  3:03  Probe  
  37  3:08  Gateway  
  37  3:10  Probe  
  37  3:18  Probe x2  
  40  3:29  Gateway  
  40  3:30  Gateway  
  40  3:31  Probe  
  40  3:32  Probe, Warp Prism  
  42  3:37  Dark Shrine  
  42  3:45  Probe  
  46  3:49  Assimilator  
  46  3:52  Assimilator  
  46  3:54  Pylon  
  45  3:56  Probe  
  46  4:04  Pylon  
  46  4:12  Probe x2  
  46  4:14  Zealot  
  50  4:24  Probe x2  
  50  4:30  Pylon  
  53  4:46  Observer, Forge  
  53  4:48  Nexus  
  53  4:49  Dark Templar  
  53  4:51  Dark Templar x2  
  53  4:52  Pylon  
  58  4:55  Archon, Dark Templar  
  58  4:58  Probe, Archon  
  60  5:01  Probe  
  60  5:06  Probe  
  62  5:13  Probe  
  64  5:15  Probe  
  64  5:17  Pylon  
  64  5:19  Dark Templar  
  67  5:27  Probe  
  62  5:35  Probe  
  59  5:36  Dark Templar x2  
  59  5:39  Probe, Protoss Ground Weapons Level 1  
  59  5:41  Dark Templar  
  61  5:43  Charge  
  61  5:47  Probe  
  61  5:48  Archon  
  61  5:49  Probe  
  62  5:50  Zealot  
  62  5:52  Archon  
  65  5:57  Probe  
  65  5:59  Probe  
  67  6:05  Probe  
  67  6:09  Zealot  
  70  6:12  Nexus  
  70  6:14  Pylon  
  70  6:17  Pylon  
  70  6:25  Probe  
  70  6:32  Probe  
  67  6:37  Probe  
  67  6:39  Templar Archives  
  66  6:41  Immortal, Gateway  
  66  6:42  Nexus  
  66  6:44  Probe  
  66  6:45  Pylon  
  66  6:46  Gateway  
  67  6:50  Probe  
  72  6:56  Probe  
  72  6:58  Shield Battery  
  73  7:02  Probe  
  73  7:04  Dark Templar x2  
  73  7:05  Zealot  
  73  7:06  Zealot  
  73  7:08  Probe  
  83  7:09  Archon  
  83  7:14  Probe  
  84  7:18  Pylon  
  84  7:20  Probe, Immortal  
  89  7:26  Sentry, Probe  
  89  7:27  Sentry  
  94  7:32  Assimilator  
  94  7:34  Assimilator  
  94  7:39  Photon Cannon  
  94  7:41  High Templar x2  
  94  7:42  Zealot x2  
  102  7:47  Archon  
  102  7:53  Shield Battery  
  102  7:57  Zealot x2  
  108  8:13  Zealot  
  92  8:20  Zealot x5  
Show
View Real Time Build Order
Export as new Build Order

GOStephano Zerg - Winner!

Build Orders: Hatch First 

Get SALT Encoding   

  12  0:00  Drone  
  13  0:12  Overlord  
  13  0:17  Drone  
  14  0:30  Drone x2  
  16  0:47  Hatchery  
  15  0:51  Drone  
  15  0:54  Drone  
  17  0:58  Drone  
  18  1:08  Extractor  
  17  1:13  Spawning Pool  
  17  1:15  Drone  
  17  1:19  Drone  
  18  1:27  Drone  
  19  1:38  Drone  
  20  1:49  Drone  
  21  2:00  Zergling x2, Queen x2  
  21  2:01  Overlord  
  26  2:11  Drone x2  
  28  2:21  Drone  
  28  2:22  Drone  
  30  2:26  Hatchery  
  29  2:31  Drone  
  29  2:32  Drone  
  31  2:39  Queen  
  31  2:42  Overlord  
  33  2:48  Overlord  
  33  2:53  Metabolic Boost  
  33  3:01  Drone x2  
  33  3:03  Drone  
  36  3:08  Drone  
  36  3:09  Drone x3  
  36  3:12  Drone x2  
  42  3:13  Evolution Chamber  
  42  3:18  Queen  
  43  3:22  Spore Crawler  
  43  3:24  Drone  
  43  3:27  Spore Crawler  
  43  3:29  Drone  
  43  3:33  Overlord  
  43  3:36  Drone  
  43  3:38  Drone  
  43  3:39  Drone  
  46  3:42  Spore Crawler  
  46  3:45  Zerg Melee Weapons Level 1  
  46  3:48  Drone  
  46  3:50  Drone  
  46  3:52  Zergling x4  
  49  3:56  Drone  
  49  3:59  Queen  
  49  4:01  Drone  
  49  4:02  Drone  
  54  4:06  Drone x2  
  54  4:07  Drone  
  57  4:12  Drone  
  57  4:14  Overlord  
  58  4:18  Overlord  
  58  4:21  Overlord  
  57  4:28  Overlord  
  57  4:31  Overlord  
  57  4:34  Zergling x14  
  64  4:41  Lair  
  64  4:44  Drone x3  
  64  4:45  Drone x2  
  69  4:48  Extractor  
  69  4:49  Extractor  
  67  4:53  Zergling x8  
  71  5:01  Zergling x4  
  71  5:02  Zergling x2, Roach Warren  
  72  5:15  Zergling x18  
  79  5:23  Zergling x8  
  81  5:30  Zergling x4  
  78  5:39  Drone x6  
  78  5:42  Overseer  
  83  5:44  Drone  
  83  5:48  Drone x3  
  87  5:51  Drone  
  87  5:55  Drone  
  89  5:58  Hatchery  
  89  6:00  Overlord  
  86  6:04  Overlord  
  86  6:06  Drone  
  86  6:07  Glial Reconstitution  
  80  6:12  Extractor x2, Baneling Nest, Zerg Melee Weapons Level 2  
  80  6:15  Drone x5  
  80  6:18  Overlord x2  
  80  6:29  Roach x7  
  92  6:41  Roach  
  92  6:42  Roach x3  
  100  6:51  Drone x4  
  104  6:57  Overlord  
  104  6:58  Overseer, Overlord  
  104  6:59  Overlord  
  104  7:01  Centrifical Hooks  
  104  7:02  Drone x2  
  106  7:11  Roach x7  
  120  7:19  Roach x4  
  128  7:24  Zergling x2  
  128  7:25  Zergling x10, Overseer  
  134  7:31  Zergling x2  
  135  7:39  Zergling x12  
  135  7:43  Overseer, Spine Crawler  
  140  7:47  Zergling x18  
  140  7:48  Baneling x16  
  149  7:56  Zergling x2  
  149  7:57  Zergling x10  
  155  7:59  Ravager x2  
  157  8:06  Baneling x5, Overlord  
  157  8:07  Overlord x2  
  157  8:17  Overseer  
Tags
 
Add a new tag
Caveats
  • Supply blocks, unpowered buildings, or Contaminate may cause inaccurate times.
  • Supply counts are checked every 10 seconds.